 Dungeon Crawl Stone Soup version 0.19.5 (webtiles) character file.

1447 Groucho the Covert (level 8, -12/36 HPs)
             Began as a Spriggan Conjurer on May 1, 2017.
             Mangled by an orc warrior
             ... wielding a +0 halberd
              (24 damage)
             ... on level 6 of the Dungeon.
             The game lasted 00:26:16 (11361 turns).

Groucho the Covert (Spriggan Conjurer)             Turns: 11361, Time: 00:26:16

Health: -12/36     AC:  4    Str:  6    XL:     8   Next: 46%
Magic:  6/18       EV: 18    Int: 16    God:
Gold:   311        SH:  0    Dex: 17    Spells: 6 memorised, 3 levels left

rFire  . . .     SeeInvis +     t - +1 dagger (holy)
rCold  + . .     Gourm    .     a - +0 robe
rNeg   . . .     Faith    .     (shield restricted)
rPois  .         Spirit   .     (helmet restricted)
rElec  .         Reflect  .     (no cloak)
rCorr  .         Harm     .     (gloves unavailable)
MR     +....                    (boots unavailable)
Stlth  +++++.....               n - amulet of rage
                                x - +2 ring of protection
                                k - ring of protection from cold

@: very slightly contaminated, very quick
A: unfitting armour, see invisible, herbivore 3, speed 3, slow metabolism 2
a: Evoke Berserk Rage


You were on level 6 of the Dungeon.
You were full.

You visited 1 branch of the dungeon, and saw 6 of its levels.

You collected 311 gold pieces.

Inventory:

Hand Weapons
 t - a +1 dagger of holy wrath (weapon)
Missiles
 o - 192 stones (quivered)
Armour
 a - a +0 robe (worn)
Jewellery
 e - a +1 ring of evasion {unknown}
 k - a ring of protection from cold (left hand)
 n - an amulet of rage (around neck)
 x - a +2 ring of protection (right hand)
Wands
 j - a wand of confusion (24/48)
 y - a wand of slowing (27/48)
 E - a wand of flame (20/48)
Scrolls
 d - 4 scrolls of identify
 f - a scroll of teleportation {unknown}
 g - 2 scrolls of enchant weapon {unknown}
 m - 2 scrolls of remove curse
 r - a scroll of fear {unknown}
 C - a scroll of enchant armour {unknown}
Potions
 h - 2 potions of cancellation
 i - a potion of berserk rage {unknown}
 l - 2 potions of lignification {unknown}
 p - a potion of ambrosia {unknown}
 q - a potion of invisibility {unknown}
 s - 2 potions of curing
 u - a potion of flight {unknown}
 v - a potion of mutation {unknown}
 z - a potion of might {unknown}
 A - a potion of heal wounds
Books
 b - a book of Conjurations

   Spells                             Type                      Level
   a - Magic Dart                     Conjuration                  1
   b - Searing Ray                    Conjuration                  2
   c - Dazzling Spray                 Conjuration/Hexes            3
   d - Fulminant Prism                Conjuration/Hexes            4
   e - Iskenderun's Mystic Blast      Conjuration                  4
   f - Iskenderun's Battlesphere      Conjuration/Charms           5
 w - a book of Misfortune

   Spells                             Type                      Level
   a - Confusing Touch                Hexes                        1
   b - Confuse                        Hexes                        3
   c - Gell's Gravitas                Hexes/Translocation          3
   d - Petrify                        Transmutation/Earth          4
   e - Metabolic Englaciation         Hexes/Ice                    5
   f - Yara's Violent Unravelling     Hexes/Transmutation          5
 B - a book of Maledictions

   Spells                             Type                      Level
   a - Corona                         Hexes                        1
   b - Ensorcelled Hibernation        Hexes/Ice                    2
   c - Confuse                        Hexes                        3
   d - Tukima's Dance                 Hexes                        3
   e - Dazzling Spray                 Conjuration/Hexes            3
Comestibles
 c - 4 bread rations
 D - 4 fruits


   Skills:
 - Level 3.0 Dodging
 + Level 10.6 Stealth
 + Level 6.3 Spellcasting
 + Level 4.5 Conjurations
 + Level 4.3 Hexes
 + Level 3.6 Charms


You had 3 spell levels left.
You knew the following spells:

 Your Spells              Type           Power        Failure   Level  Hunger
a - Magic Dart            Conj           ###.         1%          1    None
b - Searing Ray           Conj           ###...       3%          2    None
c - Dazzling Spray        Conj/Hex       ###...       8%          3    ##.....
d - Confuse               Hex            ###.....     10%         3    ##.....
e - Iskenderun's Battles  Conj/Chrm      ###.....     75%         5    #####..
f - Ensorcelled Hibernat  Hex/Ice        ##....       10%         2    None


Dungeon Overview and Level Annotations

Branches:
Dungeon (6/15)
 Temple: D:4-7

Altars:
Okawaru


Innate Abilities, Weirdness & Mutations

You are very small and have problems with some larger weapons.
You are too small for most types of armour.
You have supernaturally acute eyesight. (SInv)
You are a herbivore.
You cover ground extremely quickly.
You need consume almost no food.


Message History

Unknown command.
Casting: Dazzling Spray
Confirm with . or Enter, or press ? or * to list all spells.
Aiming: Dazzling Spray
Press: ? - help, Shift-Dir - straight line, f - orc wizard
Aim: an orc wizard, wielding a dagger and wearing a robe (heavily wounded, blind)
The spray of energy misses the orc wizard.
The spray of energy hits the orc warrior.
The orc warrior is lightly wounded.
The orc priest shouts!
The orc warrior hits you from afar with a halberd!
Unknown command.
Unknown command.
You hit the orc wizard but do no damage.
The orc wizard is heavily wounded.
The orc wizard barely misses you.
The orc wizard is no longer blind.
The orc warrior hits you from afar with a halberd!!
Ouch! That really hurt!
You die...

##...<..##
##........##
#..........#
####..........#
...#..........#
##............#
...#..........#
.o...........##
#...)o.@......######
......o.............#
.##...........#.....#
##..........##....#
#..........# ....#
###........## ...#
#.........## ..#
....$....#### .##
######....


You could see an orc warrior, an orc priest and an orc wizard.

Vanquished Creatures
  Grinder (D:4)
  A sky beast (D:5)
  An ice beast (D:5)
  4 ogres
  A centaur (D:5)
  A bullfrog (D:5)
  A crimson imp (D:5)
  A bullfrog zombie (D:5)
  A bullfrog skeleton (D:5)
  3 hounds
  2 orc priests
  2 iguanas
  3 worker ants
  A gnoll (D:2)
  6 adders
  A shadow imp (D:5)
  2 oozes (D:3)
  5 worms
  3 dart slugs
  6 leopard geckos
  11 orcs
  10 giant cockroaches
  6 goblins
  8 hobgoblins
  12 jackals
  10 kobolds
  A quokka (D:2)
  A ball python (D:2)
  13 bats
  6 frilled lizards
  A leopard gecko zombie (D:5)
  7 rats
132 creatures vanquished.

Notes
Turn   | Place    | Note
-------+----------+-------------------------------------------
     0 | D:1      | Groucho the Spriggan Conjurer began the quest for the Orb.
     0 | D:1      | Reached XP level 1. HP: 9/9 MP: 5/5
   192 | D:1      | Reached skill level 4 in Stealth
   228 | D:1      | Reached XP level 2. HP: 11/13 MP: 0/6
   938 | D:1      | Reached skill level 5 in Stealth
   942 | D:1      | Learned a level 2 spell: Searing Ray
  1217 | D:1      | Found an iron altar of Okawaru.
  1238 | D:1      | Reached XP level 3. HP: 13/16 MP: 4/8
  2177 | D:2      | Reached skill level 6 in Stealth
  2182 | D:2      | Learned a level 3 spell: Dazzling Spray
  2397 | D:2      | Reached XP level 4. HP: 13/21 MP: 1/9
  3904 | D:3      | Reached skill level 7 in Stealth
  3904 | D:3      | Reached XP level 5. HP: 24/24 MP: 6/11
  5780 | D:3      | Found a faded altar of an unknown god.
  6238 | D:3      | Reached skill level 8 in Stealth
  6238 | D:3      | Reached XP level 6. HP: 16/28 MP: 2/13
  7172 | D:4      | Reached skill level 1 in Hexes
  7764 | D:4      | Reached skill level 9 in Stealth
  7975 | D:4      | Reached XP level 7. HP: 32/32 MP: 11/15
  8580 | D:4      | Noticed Grinder
  8585 | D:4      | Paralysed by Grinder for 4 turns
  8595 | D:4      | Killed Grinder
  8595 | D:4      | Reached skill level 5 in Spellcasting
  8751 | D:4      | Learned a level 3 spell: Confuse
  8757 | D:4      | Learned a level 5 spell: Iskenderun's Battlesphere
  8875 | D:5      | Entered Level 5 of the Dungeon
  8913 | D:5      | Reached skill level 10 in Stealth
  8919 | D:5      | Reached skill level 1 in Charms
  9570 | D:5      | Reached XP level 8. HP: 15/36 MP: 17/17
 10643 | D:5      | Learned a level 2 spell: Ensorcelled Hibernation
 11361 | D:6      | Mangled by an orc warrior

Skill      XL: |  1  2  3  4  5  6  7  8 |
---------------+-------------------------+-----
Stealth        | 4 5 6 7 8 9 10 | 10.6
Conjurations   | 3 4 |  4.5
Spellcasting   | 3 4 5 6 |  6.3
Hexes          | 2 3 4 |  4.3
Charms         | 1 3 |  3.6
Dodging        | |  3.0

Action                   |  1- 3 |  4- 6 |  7- 9 || total
-------------------------+-------+-------+-------++-------
Melee: Unarmed           |     4 |       |       ||     4
       Club              |    17 |       |       ||    17
       Dagger            |    20 |    98 |    78 ||   196
Throw: Stone             |       |     9 |       ||     9
 Cast: Magic Dart        |    74 |    86 |    11 ||   171
       Searing Ray       |     6 |    27 |    16 ||    49
       Dazzling Spray    |     1 |     2 |    13 ||    16
       Confuse           |       |       |     1 ||     1
  Use: Potion            |     1 |     1 |     1 ||     3
       Scroll            |       |     2 |     2 ||     4
 Stab: Sleeping          |     2 |    10 |     5 ||    17
       Invisible         |       |       |     3 ||     3
  Eat: Bread ration      |       |     1 |     1 ||     2
       Fruit             |       |       |     4 ||     4
Armor: Robe              |     5 |     8 |    13 ||    26
Dodge: Dodged            |    66 |   115 |   113 ||   294
